[ AOE2 MATCH · #507155239 ]
UnrankedBerbers vs Bohemians
Player's team · LOSS
[ REPLAY ANALYSIS · EXTRACTED FROM THE RECORDED GAME ]
Feudal
9:28
Castle
28:20
Imperial
35:06
| APM avg | 38.5 |
| APM peak | 72 |
| eAPM avg | 23.0 |
| Villagers / military | 157 / 49 |
Focus
⚔️ 35.7% · 🌾 64.3%
Genitour ×38 · Hand Cannoneer ×6 · Bombard Cannon ×2 · Monk ×1 · Mangonel ×1 · Trebuchet (Packed) ×1
Feudal
8:56
Castle
19:47
Imperial
34:16
| APM avg | 52.7 |
| APM peak | 88 |
| eAPM avg | 23.5 |
| Villagers / military | 125 / 88 |
Focus
⚔️ 33.6% · 🌾 66.4%
Hand Cannoneer ×53 · Hussite Wagon ×7 · Archer ×6 · Spearman ×6 · Bombard Cannon ×5 · Monk ×3
Match map
Initial resources + every placement click. Lines = walls · curves = elevation contours. ◆ gold · ⬟ stone · ● berries · ✦ relic · ◌ wall gap
Your base· ✓ Closed at 28:20 · 23t walls · 5 gate(s)
Voxer El Brazilian's base· ✓ Closed at 19:47 · 0t walls · 3 gate(s)
Smoothed initial terrain · ◌ = detected wall gap · hover for details
Inputs per minute
— VENÓN | BOTZANGA - - Voxer El Brazilian
Build order — VENÓN | BOTZANGA
First 150 of 308 actions detected
| 0:01 | Create | Villager (Male) |
| 0:01 | Create | Villager (Male) |
| 0:01 | Create | Villager (Male) |
| 0:02 | Build | House |
| 0:03 | Build | House |
| 0:06 | Create | Villager (Male) |
| 0:07 | Create | Villager (Male) |
| 1:21 | Create | Villager (Male) |
| 2:05 | Create | Villager (Male) |
| 2:05 | Create | Villager (Male) |
| 2:20 | Build | Lumber Camp |
| 2:24 | Create | Villager (Male) |
| 2:24 | Create | Villager (Male) |
| 2:32 | Create | Villager (Male) |
| 2:32 | Create | Villager (Male) |
| 3:15 | Create | Villager (Male) |
| 3:16 | Create | Villager (Male) |
| 3:28 | Create | Villager (Male) |
| 3:28 | Create | Villager (Male) |
| 4:15 | Build | House |
| 4:26 | Create | Villager (Male) |
| 4:27 | Create | Villager (Male) |
| 4:27 | Create | Villager (Male) |
| 4:29 | Create | Villager (Male) |
| 5:05 | Create | Villager (Male) |
| 5:29 | Research | Loom |
| 6:28 | Create | Villager (Male) |
| 6:34 | Build | Mining Camp |
| 6:35 | Create | Villager (Male) |
| 6:55 | Create | Villager (Male) |
| 7:06 | Research | Feudal Age |
| 7:17 | Build | House |
| 7:37 | Build | House |
| 8:20 | Build | House |
| 8:24 | Create | Villager (Male) |
| 8:33 | Build | Mining Camp |
| 8:58 | Create | Villager (Male) |
| 9:09 | Build | Mill |
| 9:10 | Create | Villager (Male) |
| 9:28 | Age | Feudal Age |
| 9:32 | Build | Watch Tower |
| 9:38 | Create | Villager (Male) |
| 9:50 | Research | Double-Bit Axe |
| 9:52 | Create | Villager (Male) |
| 10:16 | Build | Stone Wall |
| 10:21 | Build | Watch Tower |
| 10:26 | Create | Villager (Male) |
| 10:37 | Create | Villager (Male) |
| 10:43 | Build | Stone Wall |
| 10:59 | Create | Villager (Male) |
| 11:11 | Build | Gate |
| 11:20 | Build | Mining Camp |
| 11:30 | Create | Villager (Male) |
| 11:35 | Create | Villager (Male) |
| 11:45 | Create | Villager (Male) |
| 11:49 | Build | Stone Wall |
| 11:56 | Create | Villager (Male) |
| 12:12 | Build | House |
| 12:13 | Create | Villager (Male) |
| 12:27 | Build | House |
| 12:35 | Create | Villager (Male) |
| 12:36 | Create | Villager (Male) |
| 12:42 | Build | House |
| 12:47 | Create | Villager (Male) |
| 12:56 | Build | House |
| 13:02 | Create | Villager (Male) |
| 13:16 | Build | House |
| 13:29 | Build | Watch Tower |
| 13:47 | Create | Villager (Male) |
| 14:21 | Build | Market |
| 14:24 | Build | Stone Wall |
| 14:26 | Build | Stone Wall |
| 14:29 | Create | Villager (Male) |
| 14:48 | Create | Villager (Male) |
| 14:49 | Create | Villager (Male) |
| 14:57 | Build | Stone Wall |
| 15:16 | Build | Watch Tower |
| 15:18 | Create | Villager (Male) |
| 15:29 | Create | Villager (Male) |
| 15:53 | Research | Horse Collar |
| 15:53 | Research | Horse Collar |
| 16:07 | Build | Farm |
| 16:07 | Build | Farm |
| 16:08 | Build | Farm |
| 16:21 | Build | Watch Tower |
| 16:24 | Build | House |
| 16:32 | Build | House |
| 16:50 | Create | Villager (Male) |
| 16:53 | Build | House |
| 17:05 | Create | Villager (Male) |
| 17:13 | Build | Farm |
| 17:36 | Build | Farm |
| 17:51 | Build | Watch Tower |
| 17:58 | Create | Villager (Male) |
| 18:08 | Build | Farm |
| 18:42 | Create | Villager (Male) |
| 18:56 | Build | Farm |
| 18:57 | Build | Farm |
| 19:01 | Build | Farm |
| 19:09 | Create | Villager (Male) |
| 19:18 | Build | House |
| 19:36 | Build | Farm |
| 19:37 | Build | Farm |
| 19:37 | Create | Villager (Male) |
| 19:54 | Build | Watch Tower |
| 20:02 | Create | Villager (Male) |
| 20:07 | Build | Farm |
| 20:09 | Build | Mill |
| 20:15 | Create | Villager (Male) |
| 20:22 | Create | Villager (Male) |
| 20:25 | Build | Palisade Wall |
| 20:31 | Build | Palisade Wall |
| 20:33 | Create | Villager (Male) |
| 21:01 | Create | Villager (Male) |
| 21:03 | Build | Farm |
| 21:03 | Build | Farm |
| 21:03 | Build | Farm |
| 21:04 | Build | Farm |
| 21:04 | Build | Farm |
| 21:04 | Build | Farm |
| 21:06 | Create | Villager (Male) |
| 21:20 | Create | Villager (Male) |
| 21:33 | Create | Villager (Male) |
| 21:41 | Research | Wheelbarrow |
| 21:43 | Create | Villager (Male) |
| 22:15 | Create | Villager (Male) |
| 22:19 | Build | Lumber Camp |
| 22:22 | Build | Farm |
| 22:23 | Build | Farm |
| 22:25 | Build | Farm |
| 23:11 | Build | House |
| 23:21 | Create | Villager (Male) |
| 23:21 | Create | Villager (Male) |
| 23:53 | Build | Stone Wall |
| 23:58 | Build | Stone Wall |
| 23:59 | Create | Villager (Male) |
| 23:59 | Create | Villager (Male) |
| 24:01 | Build | Stone Wall |
| 24:04 | Create | Villager (Male) |
| 24:04 | Create | Villager (Male) |
| 24:04 | Create | Villager (Male) |
| 24:04 | Create | Villager (Male) |
| 24:06 | Build | Stone Wall |
| 24:08 | Build | Stone Wall |
| 24:09 | Build | Stone Wall |
| 24:14 | Create | Villager (Male) |
| 24:14 | Create | Villager (Male) |
| 24:15 | Create | Villager (Male) |
| 24:33 | Build | Market |
| 24:36 | Create | Villager (Male) |
Build order — Voxer El Brazilian
First 150 of 379 actions detected
| 0:00 | Create | Villager (Male) |
| 0:01 | Create | Villager (Male) |
| 0:02 | Build | House |
| 0:04 | Build | House |
| 0:08 | Create | Villager (Male) |
| 0:08 | Create | Villager (Male) |
| 0:09 | Create | Villager (Male) |
| 1:32 | Create | Villager (Male) |
| 1:32 | Create | Villager (Male) |
| 1:57 | Create | Villager (Male) |
| 2:13 | Create | Villager (Male) |
| 2:13 | Create | Villager (Male) |
| 2:21 | Build | Lumber Camp |
| 2:52 | Create | Villager (Male) |
| 2:53 | Create | Villager (Male) |
| 3:43 | Build | House |
| 3:45 | Create | Villager (Male) |
| 3:46 | Create | Villager (Male) |
| 4:09 | Create | Villager (Male) |
| 4:40 | Create | Villager (Male) |
| 4:57 | Create | Villager (Male) |
| 5:25 | Create | Villager (Male) |
| 5:39 | Create | Villager (Male) |
| 5:55 | Create | Villager (Male) |
| 5:58 | Build | Mining Camp |
| 6:18 | Create | Villager (Male) |
| 6:46 | Research | Feudal Age |
| 6:46 | Research | Feudal Age |
| 6:52 | Build | Barracks |
| 7:33 | Build | House |
| 7:46 | Create | Militia |
| 7:46 | Create | Militia |
| 8:32 | Create | Militia |
| 8:55 | Create | Villager (Male) |
| 8:56 | Age | Feudal Age |
| 8:58 | Build | Archery Range |
| 9:02 | Research | Man-at-Arms (upgrade) |
| 9:02 | Research | Man-at-Arms (upgrade) |
| 9:25 | Create | Villager (Male) |
| 9:30 | Build | House |
| 9:35 | Build | House |
| 9:54 | Build | Mill |
| 9:58 | Create | Archer |
| 10:13 | Build | Outpost |
| 10:41 | Create | Villager (Male) |
| 10:43 | Build | Farm |
| 10:45 | Build | Farm |
| 10:47 | Build | Farm |
| 10:49 | Build | Farm |
| 10:49 | Create | Archer |
| 11:09 | Create | Archer |
| 11:26 | Create | Archer |
| 11:32 | Build | Farm |
| 11:33 | Build | Farm |
| 11:34 | Create | Villager (Male) |
| 11:46 | Create | Villager (Male) |
| 11:59 | Build | House |
| 12:18 | Research | Loom |
| 12:18 | Research | Loom |
| 12:24 | Create | Villager (Male) |
| 12:29 | Build | House |
| 12:34 | Build | Blacksmith |
| 12:41 | Create | Villager (Male) |
| 12:43 | Build | Farm |
| 13:03 | Create | Villager (Male) |
| 13:05 | Research | Arson |
| 13:05 | Research | Arson |
| 13:26 | Build | Farm |
| 13:27 | Build | Farm |
| 13:27 | Create | Villager (Male) |
| 13:42 | Research | Fletching |
| 13:42 | Research | Fletching |
| 13:51 | Create | Villager (Male) |
| 14:07 | Build | Farm |
| 14:16 | Build | House |
| 14:22 | Create | Villager (Male) |
| 14:38 | Build | Farm |
| 14:58 | Create | Villager (Male) |
| 15:01 | Build | Farm |
| 15:06 | Research | Double-Bit Axe |
| 15:06 | Research | Double-Bit Axe |
| 15:20 | Build | Farm |
| 15:43 | Create | Villager (Male) |
| 15:46 | Build | Farm |
| 16:06 | Create | Villager (Male) |
| 16:19 | Build | Mining Camp |
| 16:32 | Create | Villager (Male) |
| 17:07 | Research | Castle Age |
| 17:07 | Research | Castle Age |
| 17:27 | Research | Horse Collar |
| 17:27 | Research | Horse Collar |
| 17:49 | Build | Lumber Camp |
| 19:27 | Create | Villager (Male) |
| 19:47 | Age | Castle Age |
| 19:48 | Build | Siege Workshop |
| 19:49 | Create | Villager (Male) |
| 19:51 | Research | Bodkin Arrow |
| 19:52 | Research | Bodkin Arrow |
| 19:57 | Research | Crossbowman (upgrade) |
| 19:57 | Research | Crossbowman (upgrade) |
| 19:58 | Create | Villager (Male) |
| 20:30 | Build | Market |
| 20:31 | Create | Villager (Male) |
| 21:14 | Create | Villager (Male) |
| 21:25 | Build | Farm |
| 21:26 | Create | Villager (Male) |
| 21:41 | Create | Villager (Male) |
| 21:42 | Build | Farm |
| 21:48 | Create | Battering Ram |
| 21:52 | Build | Farm |
| 21:52 | Build | Farm |
| 21:57 | Build | Farm |
| 21:58 | Create | Villager (Male) |
| 22:12 | Build | University |
| 22:13 | Create | Villager (Male) |
| 22:17 | Build | Farm |
| 22:59 | Build | House |
| 23:01 | Build | House |
| 23:05 | Build | Town Center |
| 23:53 | Create | Villager (Male) |
| 23:56 | Build | House |
| 23:58 | Create | Villager (Male) |
| 23:58 | Create | Villager (Male) |
| 24:42 | Create | Villager (Male) |
| 24:43 | Create | Villager (Male) |
| 24:46 | Create | Villager (Male) |
| 24:46 | Create | Villager (Male) |
| 24:48 | Build | Mining Camp |
| 24:50 | Build | Monastery |
| 24:53 | Research | Bow Saw |
| 24:53 | Research | Bow Saw |
| 25:30 | Research | Chemistry |
| 25:30 | Research | Chemistry |
| 25:31 | Research | Chemistry |
| 25:37 | Create | Monk |
| 25:40 | Build | Farm |
| 25:40 | Build | Farm |
| 25:40 | Build | Farm |
| 25:59 | Build | House |
| 26:06 | Build | House |
| 26:06 | Build | House |
| 26:11 | Build | Farm |
| 26:11 | Build | Farm |
| 26:12 | Create | Villager (Male) |
| 26:12 | Create | Villager (Male) |
| 26:15 | Create | Archer |
| 26:15 | Create | Archer |
| 26:25 | Create | Monk |
| 26:34 | Research | Fervor |
| 26:49 | Build | Farm |
Match timeline
| 6:52 | Voxer El Brazilian · first_building Barracks |
| 8:56 | Voxer El Brazilian · age_up feudal |
| 8:58 | Voxer El Brazilian · first_building Archery Range |
| 9:28 | VENÓN | BOTZANGA · age_up feudal |
| 10:16 | VENÓN | BOTZANGA · wall_segment Stone Wall x4 |
| 10:43 | VENÓN | BOTZANGA · wall_segment Stone Wall x3 |
| 11:49 | VENÓN | BOTZANGA · wall_segment Stone Wall x3 |
| 14:24 | VENÓN | BOTZANGA · wall_segment Stone Wall x1 |
| 14:26 | VENÓN | BOTZANGA · wall_segment Stone Wall x1 |
| 14:57 | VENÓN | BOTZANGA · wall_segment Stone Wall x1 |
| 19:47 | Voxer El Brazilian · age_up castle |
| 19:48 | Voxer El Brazilian · first_building Siege Workshop |
| 20:00 | VENÓN | BOTZANGA · first_market_buy 100 food |
| 20:25 | VENÓN | BOTZANGA · wall_segment Palisade Wall x1 |
| 20:31 | VENÓN | BOTZANGA · wall_segment Palisade Wall x2 |
| 21:23 | Voxer El Brazilian · first_market_sell 100 stone |
| 23:53 | VENÓN | BOTZANGA · wall_segment Stone Wall x2 |
| 23:58 | VENÓN | BOTZANGA · wall_segment Stone Wall x2 |
| 24:01 | VENÓN | BOTZANGA · wall_segment Stone Wall x1 |
| 24:06 | VENÓN | BOTZANGA · wall_segment Stone Wall x1 |
| 24:08 | VENÓN | BOTZANGA · wall_segment Stone Wall x1 |
| 24:09 | VENÓN | BOTZANGA · wall_segment Stone Wall x1 |
| 24:50 | Voxer El Brazilian · first_building Monastery |
| 26:34 | VENÓN | BOTZANGA · first_building Barracks |
| 27:01 | Voxer El Brazilian · first_market_buy 100 wood |
| 27:19 | VENÓN | BOTZANGA · first_building Archery Range |
| 28:20 | VENÓN | BOTZANGA · age_up castle |
| 28:26 | VENÓN | BOTZANGA · first_building Siege Workshop |
| 28:39 | VENÓN | BOTZANGA · wall_segment Stone Wall x1 |
| 30:29 | VENÓN | BOTZANGA · first_building Monastery |
| 31:08 | Voxer El Brazilian · wall_segment Stone Wall x3 |
| 31:14 | Voxer El Brazilian · wall_segment Stone Wall x12 |
| 31:26 | Voxer El Brazilian · first_building Castle |
| 33:51 | VENÓN | BOTZANGA · first_building Stable |
| 34:16 | Voxer El Brazilian · age_up imperial |
| 35:06 | VENÓN | BOTZANGA · age_up imperial |
| 36:47 | VENÓN | BOTZANGA · first_building Castle |
| 42:03 | VENÓN | BOTZANGA · first_market_sell 100 wood |
| 45:31 | VENÓN | BOTZANGA · resign |
[ AI ANALYSIS · 1 CREDIT ]
What really happened in this match?
Wolo.gg analyzes every decision: build order, eco, micro, common mistakes by bracket. Personalized analysis on WhatsApp or Discord in 30 seconds.
Civ guide
Berbers
Perfil
VENÓN | BOTZANGA